 Dungeon Crawl Stone Soup version 0.29.1-13-g9f3cf754e1 (webtiles) character file.

Game seed: 11168031099652216758

358 lmSkywalker the Trooper (level 6, -6/56 HPs)
             Began as a Hill Orc Fighter on Jan 21, 2023.
             Was a Follower of Uskayaw.
             Mangled by Pikel
             ... wielding a +0 whip of freezing
              (11 damage)
             ... on level 4 of the Dungeon.
             The game lasted 00:11:19 (4779 turns).

lmSkywalker the Trooper (Hill Orc Fighter)          Turns: 4779, Time: 00:11:20

Health: -6/56      AC:  7    Str: 21    XL:     6   Next: 64%
Magic:  7/7        EV:  9    Int:  8    God:    Uskayaw [*.....]
Gold:   73         SH:  4    Dex: 10    Spells: 5/5 levels left

rFire   . . .      SeeInvis .   a - +1 war axe
rCold   . . .      Faith    .   c - +0 buckler
rNeg    . . .      Spirit   .   b - +0 scale mail
rPois   .          Reflect  .   (no helmet)
rElec   .          Harm     .   (no cloak)
rCorr   .          Rampage  .   (no gloves)
Will    .....                   (no boots)
Stlth   ..........              (no amulet)
HPRegen 0.18/turn               (no ring)
MPRegen 0.10/turn               (no ring)

@: no status effects
A: no striking features
a: Renounce Religion, Stomp


You were on level 4 of the Dungeon.
You worshipped Uskayaw.
Uskayaw was noncommittal.
You visited 1 branch of the dungeon, and saw 4 of its levels.

You collected 73 gold pieces.

Inventory:

Hand Weapons
 a - a +1 war axe (weapon)
Missiles
 e - 29 stones (quivered)
Armour
 b - a +0 scale mail (worn)
 c - a +0 buckler (worn)
Jewellery
 d - a ring of poison resistance
Scrolls
 j - 2 scrolls of amnesia
 l - a scroll of noise {unknown}
 m - a scroll of fog {unknown}
 n - a scroll of silence
 o - a scroll of teleportation {unknown}
Potions
 f - 2 potions of haste
 g - a potion of heal wounds {unknown}
 h - 2 potions of curing {unknown}
 i - a potion of berserk rage {unknown}
 k - a potion of invisibility {unknown}


   Skills:
 + Level 5.2 Fighting
 + Level 4.9 Axes
 + Level 4.8 Armour
 + Level 4.8 Shields
 + Level 1.6 Invocations


You had 5 spell levels left.
You didn't know any spells.
Your spell library was empty.

Dungeon Overview and Level Annotations

Branches:
Dungeon (4/15)
 Temple: D:4-7

Altars:
Hepliaklqana
Ru
Uskayaw
Xom
The Shining One

Shops:
D:1 (   D:2 =

Annotations:
D:4 Pikel


Message History

Pikel is lightly wounded.
You completely miss the orc.
The orc shouts!
You hear a shout!
A quasit comes into view.
The orc hits you with a +0 club. You block Pikel's attack.
You closely miss Pikel.
Pikel is lightly wounded.
You barely miss the orc.
The quasit gives a chilling moan.
An orc comes into view. It is wielding a +0 dagger.
The orc completely misses you. You block Pikel's attack.
You closely miss Pikel.
Pikel is lightly wounded.
You hit the orc. The orc barely misses you. You block Pikel's attack.
You miss Pikel.
Pikel is lightly wounded.
You slash the orc!
You kill the orc!
Pikel closely misses you. The orc closely misses you.
Pikel hits you with a +0 whip of freezing!
Pikel freezes you.
* * * LOW HITPOINT WARNING * * *
You closely miss the orc. You closely miss Pikel.
Pikel hits you with a +0 whip of freezing!
* * * LOW HITPOINT WARNING * * *
Pikel freezes you.
* * * LOW HITPOINT WARNING * * *
The orc hits you but does no damage.
You barely miss the orc. You completely miss Pikel. Pikel barely misses you.
The orc hits you with a +0 short sword.
* * * LOW HITPOINT WARNING * * *
You hit Pikel.
Pikel is moderately wounded.
You closely miss the orc. You block Pikel's attack.
The orc hits you but does no damage.
You closely miss Pikel.
Pikel is moderately wounded.
You hit the orc. The orc barely misses you.
Pikel hits you with a +0 whip of freezing!
You die...

#......<.# ..#.
#........# ♣.#.
'........# ....
#...##...# #..
#...##'###
#...##.>......
..#..o#.).......
.....5oK)..####
.....#@...# ...
#....+ . #....#
######


You could see Pikel, a quasit and 2 orcs.

Vanquished Creatures
  4 lemures
  A quasit (D:4)
  An orc priest (D:4)
  A gnoll bouda (D:3)
  An iguana (D:3)
  8 gnolls
  7 adders
  A shadow imp (D:3)
  2 ufetubi
  A worm (D:2)
  A dart slug (D:2)
  3 orcs
  5 bats
  6 endoplasms
  A giant cockroach (D:1)
  4 goblins
  10 hobgoblins
  11 jackals
  2 quokkas (D:1)
  12 ball pythons
  3 frilled lizards
  3 rats
88 creatures vanquished.

Vanquished Creatures (others)
  2 demonic plants (D:4)
  A fungus (D:2)
3 creatures vanquished.

Grand Total: 91 creatures vanquished

Notes
Turn   | Place    | Note
-------+----------+-------------------------------------------
     0 | D:1      | lmSkywalker the Hill Orc Fighter began the quest for the
                  | Orb.
     0 | D:1      | Reached XP level 1. HP: 19/19 MP: 1/1
    51 | D:1      | Found Myul Vau's Weapon Emporium.
   225 | D:1      | Reached XP level 2. HP: 27/27 MP: 2/2
   495 | D:1      | Reached skill level 4 in Fighting
   511 | D:1      | You fall into a shaft and drop 1 floor!
   554 | D:2      | Reached XP level 3. HP: 23/33 MP: 3/3
   838 | D:2      | Found Vidoegib's One-of-a-Kind Rings.
   962 | D:2      | Reached XP level 4. HP: 40/40 MP: 4/4
  1728 | D:1      | Found a faded altar of an unknown god.
  2346 | D:3      | Found a shimmering altar of Xom.
  2450 | D:3      | Reached XP level 5. HP: 47/47 MP: 5/5
  2931 | D:3      | Found a faded altar of an unknown god.
  2931 | D:3      | Found a faded altar of an unknown god.
  3043 | D:3      | Found a hide-covered altar of Uskayaw.
  3054 | D:3      | Became a worshipper of Uskayaw the Reveller
  3240 | D:3      | Found a hazy altar of Hepliaklqana.
  3251 | D:3      | Reached * piety under Uskayaw
  3252 | D:3      | Found a sacrificial altar of Ru.
  3253 | D:3      | Found a glowing golden altar of the Shining One.
  3293 | D:4      | Noticed a black bear
  3629 | D:3      | Reached XP level 6. HP: 41/55 MP: 6/6
  3710 | D:4      | Reached ** piety under Uskayaw
  3711 | D:4      | Reached skill level 5 in Fighting
  3716 | D:4      | Reached skill level 1 in Invocations
  4038 | D:4      | Reached *** piety under Uskayaw
  4366 | D:4      | Noticed Pikel
  4779 | D:4      | Mangled by Pikel

Illustrated notes

Levels and vault maps discovered:
D:1:      lightli_arrival_lavapool, layout_loops_ring, serial_shops,
          nicolae_shop_advertising_works [nicolae_subvault_shop_adworks],
          dreamdust_ecumenical_altar_angels_and_demons
D:2:      layout_basic, nicolae_shop_unique_rings, minmay_shallow_snake_nest
D:3:      layout_basic, chequers_temple_overflow_minitemple,
          nicolae_uskayaw_murder_on_the_dancefloor, xom_teletrap_fun,
          serial_park_tiny_1, hangedman_feature_mirror
D:4:      layout_gridville, mainiacjoe_overflow_boulevard, lemuel_doored_altar,
          kennysheep_mini_moat, minmay_temple_entry_mist, serial_demonic,
          serial_demonic_d, serial_demonic_d, serial_demonic_b,
          serial_demonic_a, serial_demonic_d, serial_demonic_g,
          serial_demonic_a, nicolae_ossuary_entry_plus, uniq_pikel,
          uniq_eustachio

Skill      XL: |  1  2  3  4  5  6 |
---------------+-------------------+-----
Axes           | 3 4 |  4.9
Fighting       | 4 5 |  5.2
Armour         | 4 |  4.8
Shields        | 4 |  4.8
Invocations    | 1 |  1.6

Action                   |  1- 3 |  4- 6 || total
-------------------------+-------+-------++-------
Melee: War axe           |    93 |   214 ||   307
Throw: Stone             |     1 |     3 ||     4
  Use: Potion            |     1 |     1 ||     2
       Scroll            |     1 |     2 ||     3
 Stab: Paralysed         |       |     1 ||     1
Armor: Scale mail        |    50 |   115 ||   165
Dodge: Dodged            |    43 |   122 ||   165
Block: Buckler           |    28 |    64 ||    92
